 Dungeon Crawl Stone Soup version 0.31.0-9-g3a7656b989 (webtiles) character file.

Game seed: 18141864709077327457

905 qw the Skirmisher (level 7, 0/35 HPs)
             Began as a Spriggan Hunter on Feb 2, 2024.
             Killed by nerve-wracking pain
             ... invoked by an orc priest
              (12 damage)
             ... on level 4 of the Dungeon.
             The game lasted 00:00:16 (2740 turns).

qw the Skirmisher (Spriggan Hunter)                 Turns: 2740, Time: 00:00:17

Health: 0/35       AC:  2    Str:  7    XL:     7   Next: 80%
Magic:  8/8        EV: 22    Int: 11    God:
Gold:   867        SH:  0    Dex: 20    Spells: 6/6 levels left

rFire   + . .        a - +0 shortbow
rCold   . . .        (shield currently unavailable)
rNeg    . . .        d - +0 robe {rF+}
rPois   .            (helmet restricted)
rElec   .            (no cloak)
rCorr   .            (gloves unavailable)
SInv    +            (boots unavailable)
Will    +....        (no amulet)
Stlth   ++           (no ring)
HPRegen 0.25/turn    (no ring)
MPRegen 0.11/turn

%: no passive effects
@: very quick
A: very small, no large weapons, unfitting armour, see invisible, speed 3
a: no special abilities


You were on level 4 of the Dungeon.
You visited 1 branch of the dungeon, and saw 4 of its levels.

You collected 867 gold pieces.


Innate Abilities, Weirdness & Mutations

You are very small and have problems with some larger weapons.
You are too small for most types of armour.
You have supernaturally acute eyesight. (SInv)
You cover ground extremely quickly. (Speed+++)


   Skills:
 + Level 2.3 Fighting
 - Level 8.0 Ranged Weapons
 - Level 7.4 Dodging
 - Level 1.5 Stealth


You had 6 spell levels left.
You didn't know any spells.
Your spell library was empty.

Inventory:

Hand Weapons
 a - a +0 shortbow (weapon)
Armour
 d - a +0 robe of fire resistance (worn)
Wands
 e - a wand of paralysis (7)
 h - a wand of quicksilver (9)
Potions
 b - a potion of heal wounds {unknown}
 g - a potion of enlightenment

Dungeon Overview and Level Annotations

Branches:
Dungeon (4/15)
 Temple: D:4-7

Altars:
Fedhas
Hepliaklqana
Makhleb
Wu Jian

Shops:
D:1 ?

Annotations:
D:3 3 runed translucent doors, qw's ghost, amateur DEHu


Message History

You shoot an arrow. The arrow hits the hobgoblin.
You kill the hobgoblin! 2 orcs come into view.
The orc moves out of view. x2
You shoot an arrow. The arrow hits the orc priest!
The orc priest is heavily wounded.
An orc priest comes into view.
It is wielding a +0 hand axe and wearing a +0 leather armour of cold resistance.
You shoot an arrow. The orc priest shouts!
The arrow hits the orc priest.
The orc priest is almost dead.
The orc priest mumbles some strange prayers to Beogh against you.
Beogh smites you!
You hear a shout!
You shoot an arrow. The arrow hits the orc priest.
You kill the orc priest!
You shoot an arrow. The arrow barely misses the orc priest.
You shoot an arrow.
The arrow hits the orc priest but does no damage.
You shoot an arrow.
The arrow hits the orc priest but does no damage.
You shoot an arrow. The arrow hits the orc priest.
The orc priest is moderately wounded.
The orc priest begins to cast a cantrip, but forgets the words!
You shoot an arrow. The arrow barely misses the orc priest.
The arrow hits the orc!
You kill the orc!
The orc priest hits you with a +0 hand axe.
You shoot an arrow. The arrow barely misses the orc priest.
The arrow closely misses the orc.
The orc priest closely misses you. The orc closely misses you.
You shoot an arrow. The arrow hits the orc priest.
The orc priest is severely wounded.
The orc priest calls down the wrath of Beogh upon you.
Beogh smites you! The orc closely misses you.
You shoot an arrow. The arrow hits the orc priest.
The orc priest is almost dead.
The orc priest mumbles some strange prayers to Beogh against you.
Pain shoots through your body!
You die...

#.#.# #.#..##........
#.#.#######.#..######.#.#
#.#.........#... ...#.#
#.############'# ##...<.
#.# ... #.##.# #.####
.).. #. .# #.##.## .(...
#. ..
#######%#...####...... #.
o. ..............@oo.....
#######.....####......
###..## ..... #.## ....
#.# ... #.# +# #.# #.#
#.#


You could see an orc priest and an orc.

Vanquished Creatures
  Grinder (D:3)
  Sigmund (D:4)
  Eustachio (D:4)
  Blork the orc (D:4)
  2 hounds
  4 orc priests (D:4)
  A bombardier beetle (D:3)
  Robin (D:4)
  3 adders
  2 dart slugs (D:2)
  2 ribbon worms
  8 orcs
  5 bats
  11 endoplasms
  6 giant cockroaches
  8 goblins
  10 hobgoblins
  8 jackals (D:1)
  3 quokkas
  5 ball pythons
  4 frilled lizards
  3 kobolds
  9 rats
99 creatures vanquished.

Notes
Turn   | Place    | Note
-------+----------+-------------------------------------------
     0 | D:1      | qw the Spriggan Hunter began the quest for the Orb.
     0 | D:1      | Reached XP level 1. HP: 10/10 MP: 2/2
     0 | D:1      | 0 ||| qw: Version: 0.3-a-155-g5e7d8dd
     0 | D:1      | 0 ||| qw: Game counter: 1034
     0 | D:1      | 0 ||| qw: Melee chars always use a shield: true
     0 | D:1      | 0 ||| qw: God list: Okawaru
     0 | D:1      | 0 ||| qw: Allow faded altars: false
     0 | D:1      | 0 ||| qw: Do Orc after clearing Dungeon:15 true
     0 | D:1      | 0 ||| qw: Do second Lair branch before Depths: true
     0 | D:1      | 0 ||| qw: Lair rune preference: random
     0 | D:1      | 0 ||| qw: Goals: Normal
     0 | D:1      | 0 ||| PLANNING D:1-11
    40 | D:1      | Reached skill level 3 in Dodging
    68 | D:1      | Reached XP level 2. HP: 14/14 MP: 3/3
   125 | D:1      | Found Kiodgheiph's Magic Scroll Emporium.
   133 | D:1      | 133 ||| SHOPLISTING scroll of acquirement (676 gold, have
                  | 13).
   133 | D:1      | 133 ||| SHOPLISTING scroll of enchant armour (97 gold, have
                  | 13).
   133 | D:1      | 133 ||| SHOPLISTING scroll of enchant weapon (97 gold, have
                  | 13).
   234 | D:1      | Reached XP level 3. HP: 15/18 MP: 4/4
   248 | D:1      | HP: 3/18 [rat (2)]
   558 | D:1      | 558 ||| READING scroll labelled KOMAAT HOOPNIB.
   559 | D:1      | 559 ||| READING scroll labelled SESUEJ TAFOHUI.
   559 | D:1      | 559 ||| ENCHANTING +0 shortbow.
   560 | D:1      | 560 ||| READING scroll labelled EMEMATAFEC.
   561 | D:1      | 561 ||| READING scroll labelled TUMOLOOGUZ.
   561 | D:1      | Identified a scroll of acquirement
   561 | D:1      | 561 ||| ACQUIRING 777 gold pieces
   561 | D:1      | Acquired 777 gold pieces
   563 | D:1      | 563 ||| READING scroll labelled QIULEW CIMOA.
   564 | D:1      | 564 ||| DROPPING scroll of butterflies.
   676 | D:2      | Found an ornate altar of the Wu Jian Council.
   767 | D:2      | Reached skill level 5 in Ranged Weapons
   837 | D:2      | Reached XP level 4. HP: 22/22 MP: 5/5
   970 | D:2      | 970 ||| READING scroll labelled KOW UJAUHOISE.
   970 | D:2      | 970 ||| IDENTIFYING coppery potion
   971 | D:2      | 971 ||| DRINKING 3 silvery potions.
   972 | D:2      | 972 ||| DROPPING 2 potions of magic.
  1100 | D:3      | Noticed Grinder
  1101 | D:3      | 1101 ||| ZAPPING wand of paralysis (9) at 3,-4 (Grinder;
                  | floor).
  1102 | D:3      | 1102 ||| ZAPPING wand of paralysis (8) at 2,-3 (Grinder;
                  | floor).
  1116 | D:3      | Killed Grinder
  1117 | D:3      | Reached XP level 5. HP: 25/25 MP: 6/6
  1117 | D:3      | Reached XP level 6. HP: 30/30 MP: 7/7
  1232 | D:3      | Noticed qw's ghost (amateur DEHu)
  1253 | D:3      | Found a hazy altar of Hepliaklqana.
  1265 | D:3      | Found a runed translucent gate.
  1265 | D:3      | Found a runed translucent gate.
  1265 | D:3      | Found a runed translucent gate.
  1293 | D:3      | Found a faded altar of an unknown god.
  1373 | D:3      | Found a burning altar of Makhleb.
  1732 | D:3      | 1732 ||| READING 2 scrolls of identify.
  1732 | D:3      | 1732 ||| IDENTIFYING sapphire potion
  1733 | D:3      | 1733 ||| READING scroll of identify.
  1733 | D:3      | 1733 ||| IDENTIFYING lumpy blue potion
  1734 | D:3      | 1734 ||| READING 2 scrolls labelled SYPNEH BICELI.
  1735 | D:3      | 1735 ||| READING scroll labelled ZIROL DODONOY.
  1736 | D:3      | 1736 ||| DROPPING scroll of blinking.
  1778 | D:4      | 1778 ||| FLEEEEING.
  1782 | D:4      | 1782 ||| FLEEEEING.
  1783 | D:4      | 1783 ||| FLEEEEING.
  1784 | D:4      | 1784 ||| FLEEEEING.
  1786 | D:4      | 1786 ||| FLEEEEING.
  1787 | D:4      | 1787 ||| FLEEEEING.
  1788 | D:4      | 1788 ||| FLEEEEING.
  1789 | D:4      | 1789 ||| FLEEEEING.
  1790 | D:4      | 1790 ||| FLEEEEING.
  1793 | D:4      | 1793 ||| FLEEEEING.
  1794 | D:4      | 1794 ||| FLEEEEING.
  1795 | D:4      | 1795 ||| FLEEEEING.
  1796 | D:4      | 1796 ||| FLEEEEING.
  1797 | D:4      | 1797 ||| FLEEEEING.
  1800 | D:4      | 1800 ||| FLEEEEING.
  1801 | D:4      | 1801 ||| FLEEEEING.
  1802 | D:4      | 1802 ||| FLEEEEING.
  1803 | D:4      | 1803 ||| FLEEEEING.
  1804 | D:4      | 1804 ||| FLEEEEING.
  1807 | D:4      | 1807 ||| FLEEEEING.
  1808 | D:4      | 1808 ||| FLEEEEING.
  1809 | D:4      | 1809 ||| STAIRDANCE
  1874 | D:4      | 1874 ||| STAIRDANCE
  1901 | D:4      | 1901 ||| STAIRDANCE
  1952 | D:4      | 1952 ||| FLEEEEING.
  1953 | D:4      | 1953 ||| STAIRDANCE
  2032 | D:4      | 2032 ||| FLEEEEING.
  2033 | D:4      | 2033 ||| FLEEEEING.
  2034 | D:4      | 2034 ||| FLEEEEING.
  2035 | D:4      | 2035 ||| FLEEEEING.
  2036 | D:4      | 2036 ||| FLEEEEING.
  2037 | D:4      | 2037 ||| FLEEEEING.
  2039 | D:4      | 2039 ||| FLEEEEING.
  2040 | D:4      | 2040 ||| FLEEEEING.
  2041 | D:4      | 2041 ||| FLEEEEING.
  2042 | D:4      | 2042 ||| FLEEEEING.
  2043 | D:4      | 2043 ||| FLEEEEING.
  2044 | D:4      | 2044 ||| FLEEEEING.
  2045 | D:4      | 2045 ||| FLEEEEING.
  2046 | D:4      | 2046 ||| FLEEEEING.
  2047 | D:4      | 2047 ||| FLEEEEING.
  2048 | D:4      | 2048 ||| FLEEEEING.
  2049 | D:4      | 2049 ||| FLEEEEING.
  2050 | D:4      | 2050 ||| FLEEEEING.
  2051 | D:4      | 2051 ||| FLEEEEING.
  2053 | D:4      | 2053 ||| FLEEEEING.
  2058 | D:4      | 2058 ||| FLEEEEING.
  2059 | D:4      | 2059 ||| FLEEEEING.
  2060 | D:4      | 2060 ||| FLEEEEING.
  2061 | D:4      | 2061 ||| FLEEEEING.
  2065 | D:4      | 2065 ||| FLEEEEING.
  2066 | D:4      | 2066 ||| STAIRDANCE
  2100 | D:4      | Reached skill level 6 in Ranged Weapons
  2114 | D:4      | Found a blossoming altar of Fedhas.
  2235 | D:4      | Noticed Sigmund
  2236 | D:4      | 2236 ||| DRINKING potion of haste.
  2237 | D:4      | 2237 ||| DRINKING potion of curing.
  2237 | D:4      | 2237 ||| (to cure confusion)
  2259 | D:4      | Killed Sigmund
  2260 | D:4      | Reached XP level 7. HP: 16/35 MP: 8/8
  2351 | D:4      | Noticed Blork the orc
  2357 | D:4      | Killed Blork the orc
  2358 | D:4      | Reached skill level 7 in Ranged Weapons
  2358 | D:4      | 2358 ||| FLEEEEING.
  2361 | D:4      | 2361 ||| FLEEEEING.
  2362 | D:4      | 2362 ||| FLEEEEING.
  2363 | D:4      | 2363 ||| FLEEEEING.
  2364 | D:4      | 2364 ||| FLEEEEING.
  2365 | D:4      | 2365 ||| FLEEEEING.
  2366 | D:4      | 2366 ||| FLEEEEING.
  2367 | D:4      | 2367 ||| FLEEEEING.
  2369 | D:4      | 2369 ||| FLEEEEING.
  2370 | D:4      | 2370 ||| FLEEEEING.
  2371 | D:4      | 2371 ||| FLEEEEING.
  2375 | D:4      | 2375 ||| FLEEEEING.
  2470 | D:4      | Noticed Eustachio
  2471 | D:4      | 2471 ||| ZAPPING wand of quicksilver (13) at 4,4
                  | (Eustachio; floor).
  2472 | D:4      | 2472 ||| ZAPPING wand of quicksilver (12) at 3,3
                  | (Eustachio; floor).
  2473 | D:4      | 2473 ||| RETREEEEATING.
  2474 | D:4      | 2474 ||| ZAPPING wand of quicksilver (11) at 3,4
                  | (Eustachio; floor).
  2476 | D:4      | 2476 ||| ZAPPING wand of quicksilver (10) at 2,1
                  | (Eustachio; floor).
  2476 | D:4      | Killed Eustachio
  2528 | D:4      | Noticed Robin
  2541 | D:4      | Killed Robin
  2576 | D:4      | 2576 ||| FLEEEEING.
  2585 | D:4      | 2585 ||| FLEEEEING.
  2586 | D:4      | 2586 ||| FLEEEEING.
  2588 | D:4      | 2588 ||| STAIRDANCE
  2650 | D:3      | 2650 ||| UPGRADING to +0 robe of fire resistance.
  2660 | D:3      | 2660 ||| DROPPING +0 robe.
  2719 | D:4      | Reached skill level 8 in Ranged Weapons
  2740 | D:4      | Killed from afar by an orc priest

Levels and vault maps discovered:
D:1:      heliophobic_arrival_dark_side_of_the_moon, layout_rooms, serial_shops,
          shop
D:2:      layout_rooms, basic_altar
D:3:      layout_basic, bloody_makhleb, nzn_hepliaklqana_mist_gate,
          shapermc_ecumenical_altar_flowoftime, gammafunk_ghost_icy,
          serial_bayou_pond_c, uniq_grinder
D:4:      layout_loops_corners, fedhas_altar_1, uniq_blork_the_orc,
          uniq_eustachio, uniq_robin, uniq_sigmund

Skill      XL: |  1  2  3  4  5  6  7 |
---------------+----------------------+-----
Dodging        | 3 4 7 |  7.4
Ranged Weapons | 5 6 8 |  8.0
Fighting       | 2 |  2.3
Stealth        | |  1.5

Action                     |  1- 3 |  4- 6 |  7- 9 || total
---------------------------+-------+-------+-------++-------
   Fire: Shortbow          |   151 |   137 |    58 ||   346
  Evoke: Wand              |       |     2 |     4 ||     6
    Use: Scroll            |     5 |     5 |       ||    10
         Potion            |       |     3 |       ||     3
 Armour: Robe              |    27 |     8 |     8 ||    43
  Dodge: Dodged            |   100 |    41 |    21 ||   162

Table legend:
 A = Non-vault XP
 B = Vault XP
 C = Vault XP percentage of total XP
 D = Non-vault monster count
 E = Vault monster count
 F = Vault count percentage of total count
                 A         B        C        D         E       F
            +---------+---------+-------+---------+---------+-------
      Total |     480 |     814 |  62.9 |      85 |      14 |  14.1
            +---------+---------+-------+---------+---------+-------
        D:1 |      57 |       0 |   0.0 |      34 |       0 |   0.0
        D:2 |      47 |       0 |   0.0 |      18 |       0 |   0.0
        D:3 |     133 |     277 |  67.6 |      18 |       1 |   5.3
        D:4 |     243 |     537 |  68.8 |      15 |      13 |  46.4
            +---------+---------+-------+---------+---------+-------
